 Dungeon Crawl Stone Soup version 0.28.0 (webtiles) character file.

Game seed: 2852829747100473392

20564 AmazingTV the Covert (level 12, -2/64 HPs)
             Began as a Spriggan Brigand on June 26, 2022.
             Was a High Priest of Okawaru.
             Slain by an orc knight (15 damage)
             ... on level 11 of the Dungeon.
             The game lasted 01:23:17 (15718 turns).

AmazingTV the Covert (Spriggan Brigand)            Turns: 15718, Time: 01:23:18

Health: -2/64      AC: 10    Str:  9    XL:     12   Next: 46%
Magic:  0/25       EV: 25    Int: 13    God:    Okawaru [*****.]
Gold:   730        SH:  8    Dex: 19    Spells: 27/27 levels left

rFire   . . .      SeeInvis +   b - +3 rapier (speed)
rCold   + . .      Faith    .   (no shield)
rNeg    + . .      Spirit   +   P - +2 steam dragon scales
rPois   .          Reflect  .   (helmet restricted)
rElec   .          Harm     .   t - +2 cloak {Stlth+}
rCorr   .          Rampage  .   (gloves unavailable)
Will    ++...                   (boots unavailable)
Stlth   ++++++....              n - brooch of Shielding {Spirit SH+8}
HPRegen 0.20/turn               p - ring of positive energy
MPRegen 0.19/turn               R - ring of ice

@: very quick
A: very small, no large weapons, unfitting armour, see invisible, speed 3, fire
resistance 1, noise suppression
a: Renounce Religion, Heroism, Finesse, Duel


You were on level 11 of the Dungeon.
You worshipped Okawaru.
Okawaru was extremely pleased with you.
You visited 2 branches of the dungeon, and saw 12 of its levels.
You also visited: Ossuary and Bailey.

You collected 730 gold pieces.

Inventory:

Hand Weapons
 a - a +3 spectral dagger
 b - a +3 rapier of speed (weapon)
 e - a +0 shortbow
 F - a +4 scimitar of flaming
 H - a +2 dagger of freezing
 N - a +2 short sword of draining
 S - a +1 short sword of venom
 U - a +1 short sword of distortion
 W - a +0 hunting sling
Missiles
 d - 22 poisoned darts (quivered)
 g - 155 sling bullets
 i - 284 stones
 l - 4 curare-tipped darts
 m - 3 silver boomerangs
 r - 2 boomerangs
 C - 158 arrows
 G - 10 atropa-tipped darts
Armour
 t - a +2 cloak of stealth (worn)
 P - +2 steam dragon scales (worn)
Jewellery
 n - the brooch of Shielding (around neck) {Spirit SH+8}
   (You found it on level 2 of the Dungeon)

   [amulet of guardian spirit]

   It causes incoming damage to be divided between your reserves of health and
   magic.
   SH:        It affects your SH (+8).
 p - a ring of positive energy (left hand)
 R - a ring of ice (right hand)
 T - a ring of protection from fire
 V - a ring of willpower
Wands
 q - a wand of iceblast (9)
 J - a wand of flame (42)
 O - a wand of paralysis (11)
Scrolls
 f - 3 scrolls of identify
 k - a scroll of holy word {unknown}
 o - 2 scrolls of amnesia {unknown}
 s - a scroll of fog {unknown}
 x - 2 scrolls of fear
 y - a scroll of enchant weapon {unknown}
 K - 4 scrolls of teleportation
 L - a scroll of magic mapping
Potions
 h - 3 potions of curing
 u - 7 potions of haste
 v - 2 potions of might
 w - 2 potions of cancellation
 z - a potion of heal wounds
 A - 2 potions of berserk rage
 B - 3 potions of brilliance
 D - 2 potions of attraction {unknown}
 E - 2 potions of flight
 I - a potion of invisibility {unknown}
 M - a potion of magic {unknown}
 Q - 3 potions of resistance
Miscellaneous
 c - a phial of floods


   Skills:
 + Level 7.8 Fighting
 + Level 10.5 Short Blades
 - Level 7.6(8.4) Slings
 + Level 3.2 Bows
 - Level 4.3(6.0) Throwing
 + Level 10.4 Dodging
 - Level 11.0 Stealth
 - Level 8.4 Spellcasting
 + Level 5.8 Invocations
 + Level 6.1 Evocations


You had 27 spell levels left.
You didn't know any spells.
Your spell library contained the following spells:

 Spells                   Type           Power      Damage    Failure   Level
 Magic Dart               Conj           20%        1d4       13%         1
 Searing Ray              Conj           10%        2d4       21%         2
 Static Discharge         Conj/Air       5%         N/A       21%         2
 Sublimation of Blood     Necr           5%         N/A       21%         2
 Fulminant Prism          Conj/Hex       2%         3d6       78%         4
 Leda's Liquefaction      Hex/Erth       2%         N/A       78%         4
 Petrify                  Tmut/Erth      5%         N/A       78%         4
 Fireball                 Conj/Fire      2%         3d4       98%         5
 Irradiate                Conj/Tmut      2%         3d14      98%         5
 Iskenderun's Battlesphe  Conj           5%         2d6       98%         5
 Lee's Rapid Deconstruct  Erth           2%         3d6*      98%         5
 Lightning Bolt           Conj/Air       2%         1d14      98%         5
 Conjure Ball Lightning   Conj/Air       2%         3x3d6     100%        6
 Statue Form              Tmut/Erth      3%         N/A       100%        6
 Orb of Destruction       Conj           2%         9d5       100%        7
 Borgnjor's Revivificati  Necr           2%         N/A       100%        8
 Maxwell's Capacitive Co  Air            2%         ∞         100%        8
 Necromutation            Tmut/Necr      2%         N/A       100%        8
 Death's Door             Necr           2%         N/A       100%        9


Dungeon Overview and Level Annotations

Branches:
Dungeon (11/15)            Temple (1/1) D:7            Lair (0/6) D:10
Ossuary (visited)          Bailey (visited)
    Orc: D:9-12

Altars:
Ashenzari
Cheibriados
Dithmenos
Elyvilon
Fedhas
Gozag
Hepliaklqana
Kikubaaqudgha
Makhleb
Nemelex Xobeh
Okawaru
Qazlal
Ru
Sif Muna
Trog
Uskayaw
Vehumet
Wu Jian
Xom
Yredelemnul
Zin
The Shining One

Shops:
D:2 *   D:4 *   D:5 (

Annotations:
D:2 Natasha
D:11 1 runed translucent door


Innate Abilities, Weirdness & Mutations

You are very small and have problems with some larger weapons.
You are too small for most types of armour.
You have supernaturally acute eyesight. (SInv)
You cover ground extremely quickly. (Speed+++)
Your flesh is heat resistant. (rF+)
You passively dampen the noise of your surroundings.


Message History

The green ugly thing poisons you!
You throw a poisoned dart.
The poisoned dart barely misses the green ugly thing.
You feel very sick.
The gnoll sergeant hits you but does no damage.
You feel very sick.
You feel sick.
You feel sick.
You throw a poisoned dart.
The poisoned dart hits the green ugly thing.
The green ugly thing looks even sicker.
The green ugly thing is almost dead.
You feel very sick.
You feel sick.
You feel sick.
The eight-headed hydra roars!
You feel sick.
You feel sick.
You feel sick.
You feel sick.
You feel sick.
You feel sick. The basilisk gazes at you. You resist with almost no effort.
You feel sick.
You feel sick.
The centaur warrior shouts!
The centaur warrior shoots an arrow.
The arrow hits you!!
* * * LOW HITPOINT WARNING * * *
You feel better.
The centaur warrior shoots an arrow.
The arrow misses you.
The basilisk bites you but does no damage.
The centaur warrior shoots an arrow.
The arrow completely misses you. The basilisk closely misses you.
The centaur warrior shoots an arrow.
The arrow hits you!
* * * LOW HITPOINT WARNING * * *
The orc knight shouts!
The basilisk gazes at you. You resist with almost no effort.
The orc knight hits you with a +1 great sword!!
You die...

.....#.#'####...######...#######.
###.........'...+....'......>....
..#..#....###...######.......##..
..#..#....# ##...#####...........
..#..#:...####.#.##...#######....
..#..≈.........#.##.#.#######....
..#..≈....######.#..#..#........)
..≈..c........##.#.#+#.#.########
..≈..≈.≈≈..##.##@..# #...# ####
..≈....c....#.#..o##.##..# #...
..≈..).≈....#.#...###$#..# #...
..≈......guD.....##? .##.## #...
..≈..≈≈≈≈l....#..#/!##.#..# #...
..≈...........#.##?.T#o##.## ###.
..#..≈≈##.......#..u.##o#..# #.
..#..≈########.##..T.g#.##.### ##
..#..## # ..######.##.#...####


You could see an orc knight.

Vanquished Creatures
  2 vault guards (Bailey)
  Erolcha (D:11)
  A centaur warrior (D:10)
  A boulder beetle (D:11)
  Erica (D:8)
  3 death yaks (D:10)
  3 two-headed ogres
  Sonja (D:11)
  Pikel (D:7)
  An ugly thing (D:11)
  A cyclops (D:9)
  A manticore (D:11)
  Joseph (D:8)
  Maggie (D:7)
  A tengu conjurer (D:11)
  A troll (D:11)
  A blink frog (Bailey)
  Grinder (D:4)
  Prince Ribbit (D:7)
  A shadow (D:11)
  A vampire (D:10)
  A water elemental (D:11)
  3 wraiths
  7 yaks (D:10)
  4 humans (Bailey)
  2 steam dragons
  6 vampire mosquitoes
  2 acid dragons (D:9)
  4 water moccasins
  3 orc warriors
  3 black bears
  A hornet zombie (D:8)
  An ice beast (D:7)
  2 necrophages (D:7)
  An ogre (D:5)
  2 lemures (D:7)
  3 kobold brigands
  11 bullfrogs
  15 scorpions
  2 gnoll sergeants
  A water moccasin zombie (D:5)
  8 killer bees (D:9)
  3 wights (D:6)
  7 howler monkeys
  3 electric eels (D:11)
  2 human zombies (Ossuary)
  2 jellies
  5 orc priests
  A gnoll shaman (D:9)
  7 centaur zombies
  Jessica (D:2)
  3 iguanas
  6 scorpion zombies (Ossuary)
  8 orc wizards
  2 killer bee zombies
  A hound skeleton (D:5)
  3 mummies (Ossuary)
  Robin (D:4)
  15 gnolls
  4 adders
  A river rat (D:10)
  2 white imps
  An ufetubus (D:7)
  2 dart slugs
  31 orcs
  2 ball pythons (D:1)
  2 endoplasms
  A giant cockroach (D:2)
  19 goblins
  12 hobgoblins
  2 jackals (D:1)
  2 quokkas
  4 bats
  2 frilled lizards (D:2)
  4 goblin zombies (Ossuary)
  A hobgoblin zombie (Ossuary)
  11 kobolds
  A kobold zombie (Ossuary)
  3 orc zombies (Ossuary)
  5 rats
290 creatures vanquished.

Notes
Turn   | Place    | Note
-------+----------+-------------------------------------------
     0 | D:1      | AmazingTV the Spriggan Brigand began the quest for the Orb.
     0 | D:1      | Reached XP level 1. HP: 10/10 MP: 2/2
   245 | D:1      | Reached skill level 6 in Stealth
   359 | D:1      | Reached XP level 2. HP: 14/14 MP: 3/3
  1168 | D:2      | Reached XP level 3. HP: 16/18 MP: 4/4
  1294 | D:2      | Noticed Natasha
  1458 | D:2      | Found Nunwoazi's General Store.
  1560 | D:2      | Found a faded altar of an unknown god.
  1714 | D:2      | Noticed Jessica
  1733 | D:2      | Killed Jessica
  1734 | D:2      | Reached skill level 7 in Stealth
  1734 | D:2      | Reached XP level 4. HP: 5/22 MP: 5/5
  2009 | D:2      | Found the brooch of Shielding {Spirit SH+8}
  2761 | D:3      | Found a blossoming altar of Fedhas.
  3046 | D:3      | Found an opulent altar of Gozag.
  3200 | D:4      | Noticed Robin
  3373 | D:4      | Killed Robin
  3396 | D:4      | Noticed a black bear
  3403 | D:4      | Killed a black bear
  3404 | D:4      | Reached skill level 8 in Stealth
  3404 | D:4      | Reached XP level 5. HP: 25/25 MP: 6/6
  3444 | D:4      | Found a sand-covered staircase.
  3492 | D:4      | Noticed a black bear
  3509 | D:4      | Killed a black bear
  3510 | D:4      | Reached skill level 5 in Short Blades
  3510 | D:4      | Reached skill level 9 in Stealth
  3510 | D:4      | Reached XP level 6. HP: 25/30 MP: 7/7
  3721 | Ossuary  | Entered an ossuary
  4165 | Ossuary  | Reached skill level 10 in Stealth
  4165 | Ossuary  | Reached XP level 7. HP: 33/33 MP: 8/8
  4330 | Ossuary  | Reached skill level 11 in Stealth
  4435 | Ossuary  | Reached XP level 8. HP: 33/39 MP: 7/9
  4787 | D:4      | Found an iron altar of Okawaru.
  4798 | D:4      | Became a worshipper of Warmaster Okawaru
  4862 | D:4      | Found a radiant altar of Vehumet.
  4887 | D:4      | Noticed Grinder
  4894 | D:4      | Killed Grinder
  5237 | D:4      | Found Fueh Jai's Serpentskin Sales.
  5392 | D:5      | Entered Level 5 of the Dungeon
  5421 | D:5      | Reached * piety under Okawaru
  5508 | D:5      | Reached skill level 10 in Short Blades
  5540 | D:5      | Found Ynuof's Weapon Emporium.
  5709 | D:5      | Reached XP level 9. HP: 42/45 MP: 8/10
  5752 | D:5      | Reached skill level 1 in Slings
  5961 | D:5      | Reached skill level 1 in Spellcasting
  7341 | D:7      | Reached ** piety under Okawaru
  7564 | D:7      | Found a staircase to the Ecumenical Temple.
  7579 | D:7      | Noticed Prince Ribbit
  7581 | D:7      | Killed Prince Ribbit
  7582 | D:7      | Reached skill level 5 in Fighting
  7584 | D:7      | Noticed Pikel
  7624 | D:7      | Noticed Maggie
  7637 | D:7      | Killed Maggie
  7638 | D:7      | Reached skill level 5 in Dodging
  7765 | D:7      | Killed Pikel
  7765 | D:7      | Reached *** piety under Okawaru
  7766 | D:7      | Reached XP level 10. HP: 51/51 MP: 5/18
  8082 | D:7      | Reached skill level 5 in Slings
  8143 | D:7      | Reached skill level 5 in Spellcasting
  8489 | Temple   | Entered the Ecumenical Temple
  8828 | D:8      | Noticed Erica
  8830 | D:8      | Killed Erica
  8837 | D:8      | Gained mutation: Your flesh is heat resistant. (rF+)
                  | [potion of mutation]
  8837 | D:8      | Gained mutation: You passively dampen the noise of your
                  | surroundings. [potion of mutation]
  8868 | D:8      | Found a hide-covered altar of Uskayaw.
  8868 | D:8      | Found a shadowy altar of Dithmenos.
  9090 | D:8      | Found a glowing golden altar of the Shining One.
  9474 | D:8      | Noticed Joseph
  9477 | D:8      | Killed Joseph
  9508 | D:8      | Noticed a two-headed ogre
  9539 | D:8      | Killed a two-headed ogre
  9539 | D:8      | Reached **** piety under Okawaru
  9540 | D:8      | Reached skill level 1 in Invocations
  9838 | D:9      | Noticed a cyclops
 10045 | D:9      | Killed a cyclops
 10194 | D:9      | Noticed a two-headed ogre
 10259 | D:9      | Found an ancient bone altar of Kikubaaqudgha.
 10395 | D:9      | Killed a two-headed ogre
 10542 | D:9      | Reached XP level 11. HP: 33/58 MP: 13/22
 10774 | D:9      | Reached ***** piety under Okawaru
 10855 | D:9      | Noticed a two-headed ogre
 10862 | D:9      | Killed a two-headed ogre
 10941 | D:9      | Found a shimmering altar of Xom.
 11511 | D:10     | Entered Level 10 of the Dungeon
 11531 | D:10     | Noticed a centaur warrior
 11542 | D:10     | Killed a centaur warrior
 11542 | D:10     | Received a gift from Okawaru
 11543 | D:10     | Reached skill level 1 in Evocations
 11620 | D:10     | Found a flagged portal.
 11643 | Bailey   | Entered a bailey
 11710 | Bailey   | Received a gift from Okawaru
 12027 | Bailey   | Noticed a vault guard
 12034 | Bailey   | Killed a vault guard
 12164 | Bailey   | Noticed a vault guard
 12299 | Bailey   | Killed a vault guard
 12629 | D:10     | Noticed a death yak
 12631 | D:10     | Found a staircase to the Lair.
 12632 | D:10     | Noticed a death yak
 12634 | D:10     | Noticed a death yak
 12636 | D:10     | Killed a death yak
 12937 | D:10     | Killed a death yak
 13397 | D:10     | Killed a death yak
 13407 | D:10     | Received a gift from Okawaru
 13595 | D:11     | Reached XP level 12. HP: 63/63 MP: 25/25
 13695 | D:11     | Reached skill level 5 in Invocations
 13799 | D:11     | Reached skill level 1 in Bows
 13799 | D:11     | Reached skill level 5 in Evocations
 13828 | D:11     | Found a runed translucent door.
 13828 | D:11     | Found a runed translucent door.
 13912 | D:11     | Noticed Erolcha
 13919 | D:11     | Killed Erolcha
 13919 | D:11     | Received a gift from Okawaru
 13949 | D:11     | Noticed Sonja
 13954 | D:11     | Killed Sonja
 13955 | D:11     | Reached skill level 10 in Dodging
 14398 | D:11     | Noticed a boulder beetle
 14851 | D:11     | Noticed a centaur warrior
 14853 | D:11     | Noticed an eight-headed hydra
 15231 | D:11     | Killed a boulder beetle
 15718 | D:11     | Slain by an orc knight

Illustrated notes

Levels and vault maps discovered:
D:1:      dpeg_arrival_stonehenge_8_columns, layout_basic, minmay_fountain_box
D:2:      minmay_evil_eye, layout_basic, shapermc_ecumenical_altar_pompeii,
          serial_shops, nicolae_shop_hallway_stairs, corexii_leaking_fountain,
          uniq_natasha, uniq_jessica
D:3:      layout_rooms, mainiacjoe_overflow_alcove_2,
          nicolae_gozag_cash_rules_everything_around_me
D:4:      layout_cave_pods, mainiacjoe_overflow_catch_the_wave,
          nicolae_ossuary_entry_false_entrances, guppyfry_shop_venom,
          uniq_robin, uniq_grinder
D:5:      layout_rooms, nicolae_stop_n_shop_2
D:6:      layout_rooms, serial_bayou_pond_e
D:7:      layout_cave_pods, minmay_temple_entry_antechambers,
          chequers_serial_rivers_micro_a, uniq_prince_ribbit1, uniq_maggie,
          uniq_pikel
D:8:      layout_loops_cross, mainiacjoe_overflow_catwalk,
          grunt_temple_overflow_open, fungi_pond_lemuel,
          chequers_serial_rivers_large_a, uniq_erica, uniq_joseph
D:9:      layout_cave_pools, mainiacjoe_overflow_alcove_4,
          mainiacjoe_overflow_24_doors
D:10:     layout_roguey, dpeg_lair_monsters, enter_bailey_4
D:11:     minmay_the_grid_four_pointed_star_mashed
          [minmay_the_grid_triangle_9x9_dagger,
          minmay_the_grid_triangle_9x9_cache,
          minmay_the_grid_triangle_9x9_limited_checkers,
          minmay_the_grid_triangle_9x9_tough_junction,
          minmay_the_grid_prize_trominoes], layout_basic, uniq_sonja,
          uniq_erolcha
Temple:   nicolae_temple_god_jail

Skill      XL: |  1  2  3  4  5  6  7  8  9 10 11 12 |
---------------+-------------------------------------+-----
Stealth        | 6 7 8 9 10 11 | 11.0
Short Blades   | 3 4 5 6 7 10 | 10.5
Fighting       | 2 4 5 6 7 |  7.8
Slings         | 4 7 |  7.6
Dodging        | 5 7 9 10 | 10.4
Spellcasting   | 4 7 8 |  8.4
Invocations    | 2 4 5 |  5.8
Evocations     | 4 6 |  6.1
Throwing       | 4 |  4.3
Bows           | 3 |  3.2

Action                   |  1- 3 |  4- 6 |  7- 9 | 10-12 || total
-------------------------+-------+-------+-------+-------++-------
Melee: Dagger            |    18 |    66 |   331 |   719 ||  1134
       Rapier            |    70 |    47 |       |    23 ||   140
       Punch             |       |     1 |     5 |    22 ||    28
 Fire: Hunting sling     |       |       |       |     5 ||     5
Throw: Dart              |     1 |       |     9 |    39 ||    49
       Boomerang         |       |       |       |    19 ||    19
Invok: Heroism           |       |       |     1 |     3 ||     4
Evoke: Wand              |       |       |       |     3 ||     3
  Use: Scroll            |       |     4 |       |    13 ||    17
       Potion            |       |     3 |     2 |     5 ||    10
 Stab: Sleeping          |    13 |     4 |    25 |    28 ||    70
       Distracted        |       |     2 |    13 |    19 ||    34
       Invisible         |       |       |     1 |     2 ||     3
Armor: Robe              |    13 |    10 |    10 |     1 ||    34
       Skin              |       |     1 |       |       ||     1
       Steam dragon scal |       |       |       |    38 ||    38
Dodge: Dodged            |    45 |    57 |    78 |   297 ||   477
Block: Other             |       |    15 |    56 |   132 ||   203
